 Dungeon Crawl Stone Soup version 0.25.0-11-g1f837a76a1 (webtiles) character file.

Game seed: 1778212226740036667

371 protoss039 the Digger (level 6, -1/32 HPs)
             Began as a Deep Elf Earth Elementalist on June 28, 2020.
             Killed by divine providence
             ... invoked by an orc priest
              (15 damage)
             ... on level 4 of the Dungeon.
             The game lasted 00:11:26 (4345 turns).

protoss039 the Digger (Deep Elf Earth Elementalist) Turns: 4345, Time: 00:11:26

Health: -1/32      AC:  4    Str:  5    XL:     6   Next: 42%
Magic:  1/17       EV: 13    Int: 22    God:
Gold:   294        SH:  0    Dex: 15    Spells: 11/17 levels left

rFire    . . .     SeeInvis .   e - +0 spear
rCold    . . .     Gourm    .   (no shield)
rNeg     . . .     Faith    .   c - +0 robe
rPois    .         Spirit   .   (no helmet)
rElec    .         Reflect  .   (no cloak)
rCorr    .         Harm     .   g - +0 pair of gloves
MR       .....                  h - +0 pair of boots
Stlth    ++........             (no amulet)
HPRegen  0.10/turn              (no ring)
MPRegen  0.15/turn              (no ring)

@: no status effects
A: no striking features
a: no special abilities


You were on level 4 of the Dungeon.
You were not hungry.

You visited 1 branch of the dungeon, and saw 4 of its levels.

You collected 294 gold pieces.

Inventory:

Hand Weapons
 e - a +0 spear (weapon)
Missiles
 b - 47 stones (quivered)
Armour
 c - a +0 robe (worn)
 g - a +0 pair of gloves (worn)
 h - a +0 pair of boots (worn)
Jewellery
 a - an uncursed amulet of magic regeneration {unknown}
 v - a +4 ring of evasion {unknown}
Wands
 m - a wand of acid (4)
Scrolls
 f - 4 scrolls of remove curse {unknown}
 i - a scroll of immolation {unknown}
 j - a scroll of random uselessness {unknown}
 k - 3 scrolls of teleportation {unknown}
 n - a scroll of blinking {unknown}
 p - 6 scrolls of identify {unknown}
 r - a scroll of enchant armour {unknown}
Potions
 l - 2 potions of curing {unknown}
 o - 2 potions of stabbing {unknown}
 q - a potion of lignification {unknown}
 s - a potion of brilliance {unknown}
 t - a potion of haste {unknown}
 u - a potion of mutation {unknown}
Comestibles
 d - 10 rations
 w - a chunk of flesh


   Skills:
 - Level 0.1 Polearms
 - Level 2.4 Dodging
 - Level 2.4 Stealth
 * Level 6.2 Spellcasting
 + Level 1.0 Conjurations
 + Level 1.1 Transmutations
 * Level 6.3 Earth Magic


You had 11 spell levels left.
You knew the following spells:

 Your Spells              Type           Power        Failure   Level  Hunger
a - Sandblast             Erth           ####..       1%          1    None
b - Passwall              Tmut/Erth      ###.....     3%          2    None
c - Stone Arrow           Conj/Erth      ###...       6%          3    #......

Your spell library contained the following spells:

 Spells                   Type           Power        Failure   Level  Hunger
 Petrify                  Tmut/Erth      ###.....     19%         4    ###....
 Lee's Rapid Deconstruct  Erth           ####......   19%         5    #####..


Dungeon Overview and Level Annotations

Branches:
Dungeon (4/15)
 Temple: D:4-7

Altars:
Ashenzari
Makhleb
Nemelex Xobeh
Trog

Annotations:
D:2 1 exclusion, Sigmund


Message History

Aiming: Sandblast (safe; 1% risk of failure)
Press: ? - help, Shift-Dir - straight line, f/p - orc priest
Aim: an orc priest, wielding a +0 war axe and wearing a cursed +0 leather armour (almost dead)
The blast of sand hits the orc priest.
You kill the orc priest!
Your Conjurations skill increases to level 1!
b - 48 stones An orc priest comes into view.
It is wielding a +0 hand axe.
Casting: Sandblast (safe; 1% risk of failure)
Confirm with . or Enter, or press ? or * to list all spells.
Aiming: Sandblast (safe; 1% risk of failure)
Press: ? - help, Shift-Dir - straight line, f - orc priest
Aim: an orc priest, wielding a +0 hand axe and wearing a +0 scale mail The blast of sand hits the orc priest!
The orc priest is heavily wounded.
b - 47 stones A jackal comes into view.
The orc priest calls down the wrath of Beogh upon you.
Beogh smites you!
You die...

######
###..... .....
#..... #...#
######.#.###
#...#
#..††..@.).#
#...#
#.####.#.#o#
###.>.####.##
#.#<#
............#
#.#..
............#
#.###.
............#
#.# ##
##.....######
#h# ##.....#
#..
##.....#######


You could see an orc priest and a jackal (wandering).

Vanquished Creatures
  A crimson imp (D:2)
  4 orc wizards
  An orc priest (D:4)
  A hound zombie (D:2)
  3 adders (D:2)
  4 gnolls (D:3)
  2 oozes (D:3)
  4 worms
  5 dart slugs
  A leopard gecko (D:2)
  8 orcs
  3 giant cockroaches
  10 goblins
  5 hobgoblins
  6 jackals (D:4)
  2 quokkas (D:3)
  2 ball pythons
  4 bats
  3 frilled lizards
  2 kobolds (D:2)
  12 rats
83 creatures vanquished.

Notes
Turn   | Place    | Note
-------+----------+-------------------------------------------
     0 | D:1      | protoss039 the Deep Elf Earth Elementalist began the quest
                  | for the Orb.
     0 | D:1      | Reached XP level 1. HP: 10/10 MP: 6/6
   517 | D:1      | Reached XP level 2. HP: 3/15 MP: 5/8
  1229 | D:2      | Reached XP level 3. HP: 19/19 MP: 10/10
  1293 | D:2      | Learned a level 2 spell: Passwall
  1297 | D:2      | Learned a level 3 spell: Stone Arrow
  1449 | D:2      | Reached XP level 4. HP: 19/24 MP: 12/12
  1576 | D:2      | Noticed Sigmund
  1870 | D:2      | Reached skill level 5 in Earth Magic
  2151 | D:2      | Found a burning altar of Makhleb.
  2162 | D:2      | Found a sparkling altar of Nemelex Xobeh.
  2503 | D:3      | Found a shattered altar of Ashenzari.
  2525 | D:3      | Reached XP level 5. HP: 20/28 MP: 9/14
  2550 | D:3      | Reached skill level 5 in Spellcasting
  3409 | D:3      | Noticed a moth of wrath
  3412 | D:3      | Found a bloodstained altar of Trog.
  4336 | D:4      | Reached XP level 6. HP: 25/32 MP: 12/16
  4344 | D:4      | Reached skill level 1 in Conjurations
  4345 | D:4      | Killed from afar by an orc priest

Illustrated notes

Levels and vault maps discovered:
D:1:      ncdulo_lavacross, layout_basic
D:2:      layout_rooms, lemuel_crystal_altar, nicolae_overflow_crystal_walls,
          first_ration, roderic_serpentine_path, uniq_sigmund
D:3:      layout_loops_cross, tgw_trog, ashenzari_altar_1
D:4:      layout_loops_cross, gammafunk_temple_overflow_arena

Skill      XL: |  1  2  3  4  5  6 |
---------------+-------------------+-----
Earth Magic    | 4 5 6 |  6.3
Spellcasting   | 4 5 6 |  6.2
Conjurations   | 1 |  1.0
Polearms       | |  0.1
Dodging        | |  2.4
Stealth        | |  2.4
Transmutations | |  1.1

Action                   |  1- 3 |  4- 6 || total
-------------------------+-------+-------++-------
Melee: Spear             |    90 |   184 ||   274
       Unarmed           |     5 |       ||     5
 Cast: Sandblast         |    25 |    23 ||    48
       Stone Arrow       |       |    28 ||    28
 Stab: Sleeping          |     2 |     5 ||     7
  Eat: Chunk             |     2 |    10 ||    12
Armor: Robe              |    24 |    31 ||    55
Dodge: Dodged            |    72 |   137 ||   209
